 Dungeon Crawl Stone Soup version 0.13.0-29-gdb529de (webtiles) character file.

45458 Rikelek the Earth Mage (level 13, 0/93 HPs)
             Began as a White Draconian Earth Elementalist on Nov 9, 2013.
             Was a High Priest of Vehumet.
             Slain by an elephant (14 damage)
             ... on Level 7 of the Lair of Beasts.
             The game lasted 02:03:07 (25023 turns).

Rikelek the Earth Mage (DrEE)                      Turns: 25023, Time: 02:03:09

HP   0/93        AC 11     Str 12      XL: 13   Next: 99%
MP   9/33        EV 13     Int 19      God: Vehumet [*****.]
Gold 409         SH  0     Dex 12      Spells: 10 memorised,  3 levels left

Res.Fire  : + . .   See Invis. : .   a - staff of earth
Res.Cold  : + . .   Warding    : .   (armour unavailable)
Life Prot.: . . .   Conserve   : .   (no shield)
Res.Poison: .       Res.Corr.  : .   A - +1 cap
Res.Elec. : .       Clarity    : .   (no cloak)
Sust.Abil.: . .     Spirit.Shd : .   E - +0 pair of dwarf gauntlets
Res.Mut.  : .       Stasis     : .   D - +0 pair of boots
Res.Rott. : .       Flight     : .   (no amulet)
Saprovore : . . .                    S - ring of protection from fire
                                     M - ring of regeneration

@: somewhat resistant to hostile enchantments, fairly stealthy
A: breathe frost, unfitting armour, cold resistance 1, spit poison 1, AC +8
a: Spit Poison, Breathe Frost, Renounce Religion


You were on level 7 of the Lair of Beasts.
You worshipped Vehumet.
Vehumet was extremely pleased with you.
You were not hungry.

You visited 3 branches of the dungeon, and saw 21 of its levels.
You also visited: Ice Cave.

You collected 1223 gold pieces.
You spent 834 gold pieces at shops.

Inventory:

Hand weapons
 q - a +2,+4 orcish battleaxe
 B - a +4,+1 long sword
Armour
 A - a +1 cap (worn)
 D - a +0 pair of boots (worn)
 E - a +0 pair of dwarven gauntlets (worn)
Magical devices
 o - a wand of teleportation (4)
 v - a wand of teleportation (0)
 x - a wand of random effects (17) {unknown}
 L - a wand of confusion (8)
 N - a wand of cold (7)
 O - a wand of fire (7)
Comestibles
 f - 7 meat rations
Scrolls
 e - 4 scrolls of magic mapping
 i - 3 scrolls of curse armour {unknown}
 j - 6 scrolls of remove curse
 l - 4 scrolls of fog
 m - 4 scrolls of teleportation
 s - 2 scrolls of enchant armour
 z - a scroll of enchant weapon I
 G - a scroll of blinking
 I - 3 scrolls of identify
 J - a scroll of summoning
 K - a scroll of enchant weapon II
 U - 3 scrolls of fear
Jewellery
 d - an uncursed ring of sustenance
 p - a +3 ring of strength
 t - an uncursed ring of flight
 w - an uncursed ring of positive energy
 F - an uncursed ring of ice
 M - a ring of regeneration (left hand)
 P - an uncursed ring of see invisible
 S - a ring of protection from fire (right hand)
 V - an uncursed ring of ice
 X - a +3 ring of dexterity
Potions
 c - a potion of invisibility {unknown}
 g - 2 potions of curing
 k - 3 potions of heal wounds
 n - 4 potions of agility
 r - a potion of magic
 C - a potion of might
 H - a potion of restore abilities
 T - a potion of speed
Books
 u - a book of the Earth

   Spells                             Type                      Level
   *Dig                               Earth                        4
   *Leda's Liquefaction               Hexes/Earth                  4
   Bolt of Magma                      Conjuration/Fire/Earth       5
   Statue Form                        Transmutation/Earth          6
   *Iron Shot                         Conjuration/Earth            6
   Shatter                            Earth                        9
 y - the Papyrus of Evil Rituals
   (You found it on level 2 of the Lair of Beasts)

   Spells                             Type                      Level
   Sublimation of Blood               Necromancy                   2
   *Regeneration                      Charms/Necromancy            3
   Control Undead                     Necromancy                   4
   Dispel Undead                      Necromancy                   5
Magical staves
 a - an uncursed staff of earth (weapon)
Rods
 b - a +4 rod of frigid destruction (12/12)
   (You found it on level 2 of the Lair of Beasts)


   Skills:
 - Level 4.0 Fighting
 - Level 4.6 Staves
 - Level 4.4 Dodging
 - Level 1.7 Stealth
 + Level 13.3 Spellcasting
 - Level 7.2 Conjurations
 - Level 3.3 Charms
 - Level 2.0 Necromancy
 - Level 1.0 Transmutations
 + Level 15.5 Earth Magic


You had 3 spell levels left.
You knew the following spells:

 Your Spells              Type           Power        Failure   Level  Hunger
a - Sandblast             Erth           ######       0%          1    None
b - Stoneskin             Trmt/Erth      ######....   1%          2    None
c - Passwall              Trmt/Erth      ######....   1%          3    None
d - Stone Arrow           Conj/Erth      ######       1%          3    None
e - Lee's Rapid Deconstr  Erth           #######...   1%          5    ###....
f - Petrify               Trmt/Erth      ######..     1%          4    None
g - Iron Shot             Conj/Erth      ######....   2%          6    #####..
h - Dig                   Erth           #######.     1%          4    None
i - Regeneration          Chrm/Necr      ###.......   8%          3    None
j - Leda's Liquefaction   Hex/Erth       ######....   1%          4    None


Dungeon Overview and Level Annotations

Branches:
Dungeon (13/27)            Temple (0/1) D:5             Orc (1/4) D:11
   Lair (7/8) D:9          Shoals (0/5) Lair:5        Snake (0/5) Lair:4
  Slime (0/6) Lair:7

Altars:
Ashenzari
Makhleb
Nemelex Xobeh
Okawaru
Sif Muna
Vehumet
Zin

Shops:
D:4 *   D:12 //!+

Annotations:
D:4 Eustachio
D:8 Grum
D:9 1 exclusion
Lair:4 Lilouch's ghost, powerful DEFE


Innate Abilities, Weirdness & Mutations

You can breathe waves of freezing cold.
You can buffet flying creatures when you breathe cold.
Your icy white scales are hard (AC +8).
Your body does not fit into most forms of armour.
Your cold-blooded metabolism reacts poorly to cold.
Your flesh is cold resistant.
You can spit poison.


Message History

The blast of rock fragments hits you!
* * * LOW HITPOINT WARNING * * *
The blast of rock fragments hits the elephant.
The elephant is severely wounded.
The elephant tramples you.
* * * LOW HITPOINT WARNING * * *
You stumble backwards!
You have got your breath back.
Unknown command.
Unknown command.
Casting: Lee's Rapid Deconstruction
Confirm with . or Enter, or press ? or * to list all spells.
Which direction?
You feel a surge of power! The elephant tramples you!
* * * LOW HITPOINT WARNING * * *
You hold your ground!
The elephant trunk-slaps you.
* * * LOW HITPOINT WARNING * * *
You begin to meditate on the wall.
You continue meditating on the rock.
The elephant tramples you!
You die...

#.####.≈≈.≈≈≈.........f........
### #.#≈#.≈≈...#.......f##.....
#.######..≈≈..##......###......
##.###.....##.###Y.....#
#...........#..##Y.....#
###...........##......#.#
##..........###.......#
##........#####.......#
#........###d#......##.....
##.......%#.YfY.....## ....
#.........#Y........# .....
###.#.............#####.....
###.............P.f#......
#f....._.......ff.......
##..f...................
###.#.........%..........
#...#f..#........##.!....


You could see 3 elephants.

Vanquished Creatures
  2 hydras
  Fannar (Lair:3)
  4 death yaks (Lair:7)
  A griffon (Lair:5)
  A cyclops (D:12)
  13 elephants
  7 spiny frogs
  8 black mambas
  Psyche (D:12)
  A fire drake (Lair:4)
  Grinder (D:3)
  4 komodo dragons
  4 yaktaurs (D:12)
  A hydra skeleton (D:10)
  22 blink frogs
  A trapdoor spider (D:12)
  4 basilisks
  A shark (Lair:7)
  47 yaks
  A steam dragon (Lair:3)
  A wolf (D:8)
  6 hippogriffs
  Edmund (D:8)
  4 manticores
  A mottled dragon (D:12)
  12 orc warriors
  A swamp drake (D:9)
  11 ogres
  2 sky beasts
  9 ice beasts
  9 porcupines
  7 crocodiles
  Duvessa (D:9)
  21 centaurs
  9 giant slugs
  A big kobold (D:10)
  6 agate snails
  A cyclops zombie (D:12)
  A manticore zombie (D:11)
  13 water moccasins
  17 giant frogs
  3 jellyfish
  A cyclops skeleton (D:12)
  An eye of draining (D:12)
  A wyvern skeleton (D:11)
  11 killer bees
  A yak zombie (D:11)
  A troll zombie (D:12)
  4 jellies
  7 wights (D:7)
  A yellow wasp zombie (D:10)
  Dowan (D:9)
  3 goliath beetles
  8 hounds
  A giant frog zombie (D:11)
  8 crimson imps
  3 big fish (Lair:7)
  A giant frog skeleton (D:5)
  9 orc priests
  15 orc wizards
  4 scorpions
  11 iguanas
  9 worker ants
  4 sheep (Lair:5)
  An ogre zombie (D:8)
  An ogre skeleton (D:4)
  A hound skeleton (D:5)
  2 mummies
  6 gnolls
  24 adders
  106 green rats
  4 giant centipedes
  2 giant mites
  An inept item mimic (D:9)
  An inept feature mimic (D:7)
  12 white imps (Lair:2)
  8 worms
  A giant centipede zombie (D:11)
  5 giant eyeballs
  An ooze (D:1)
  84 orcs
  17 bats
  9 hobgoblins
  14 jackals
  17 kobolds
  12 quokkas
  2 ball pythons
  7 giant cockroaches
  11 giant geckos
  5 giant newts
  A giant newt skeleton (D:5)
  A gnoll skeleton (D:4)
  19 goblins
  2 orc skeletons
  A quokka zombie (D:5)
  24 rats
  4 fungi
773 creatures vanquished.

Vanquished Creatures (others)
  An orc warrior (D:11)
  A giant frog (D:7)
  An orc priest (D:11)
  8 fungi
11 creatures vanquished.

Grand Total: 784 creatures vanquished

Notes
Turn   | Place    | Note
--------------------------------------------------------------
     0 | D:1      | Rikelek, the Draconian Earth Elementalist, began the quest for the Orb.
     0 | D:1      | Reached XP level 1. HP: 14/14 MP: 3/3
   425 | D:1      | Reached XP level 2. HP: 7/20 MP: 1/4
  1207 | D:2      | Reached XP level 3. HP: 26/26 MP: 2/6
  1232 | D:2      | Found a deep blue altar of Sif Muna.
  1593 | D:2      | Reached skill level 4 in Earth Magic
  1763 | D:3      | Reached XP level 4. HP: 33/33 MP: 5/8
  1845 | D:3      | Noticed Grinder
  1869 | D:3      | Killed Grinder
  1869 | D:3      | Reached skill level 5 in Earth Magic
  1869 | D:3      | Reached XP level 5. HP: 6/38 MP: 0/12
  1869 | D:3      | Reached XP level 6. HP: 7/45 MP: 0/14
  2239 | D:3      | Learned a level 2 spell: Stoneskin
  2243 | D:3      | Learned a level 3 spell: Passwall
  2247 | D:3      | Learned a level 3 spell: Stone Arrow
  3060 | D:3      | Reached skill level 1 in Conjurations
  3231 | D:4      | Found a radiant altar of Vehumet.
  3260 | D:4      | Became a worshipper of Vehumet
  3406 | D:4      | Your scales start taking on an icy white colour.
  3406 | D:4      | Gained mutation: Your flesh is cold resistant. [draconian maturity]
  3406 | D:4      | Reached XP level 7. HP: 22/50 MP: 6/17
  3595 | D:4      | Found Priurogia's Assorted Antiques.
  3633 | D:4      | Bought a silvery potion for 27 gold pieces
  3633 | D:4      | Bought a glowing black potion for 27 gold pieces
  3642 | D:4      | Learned a level 5 spell: Lee's Rapid Deconstruction
  4000 | D:5      | Entered Level 5 of the Dungeon
  4000 | D:5      | Noticed Eustachio
  4102 | D:5      | Reached skill level 6 in Earth Magic
  4283 | D:5      | Reached skill level 5 in Spellcasting
  4689 | D:5      | Acquired Vehumet's first power
  4689 | D:5      | Offered knowledge of Sting by Vehumet.
  4810 | D:5      | Paralysed by a giant eyeball for 4 turns
  4822 | D:5      | Paralysed by a giant eyeball for 4 turns
  5002 | D:5      | Reached skill level 7 in Earth Magic
  5130 | D:5      | Reached XP level 8. HP: 57/57 MP: 10/20
  5132 | D:5      | Found a staircase to the Ecumenical Temple.
  5294 | D:6      | Found a deep blue altar of Sif Muna.
  5297 | D:6      | Found a sparkling altar of Nemelex Xobeh.
  5609 | D:6      | Reached skill level 8 in Earth Magic
  5675 | D:6      | Offered knowledge of Searing Ray by Vehumet.
  5900 | D:7      | Paralysed by a giant eyeball for 3 turns
  6174 | D:7      | Found a staircase to the Orcish Mines.
  6189 | D:7      | Reached XP level 9. HP: 56/62 MP: 4/23
  6242 | D:7      | Reached skill level 9 in Earth Magic
  6374 | D:7      | Offered knowledge of Throw Frost by Vehumet.
  6605 | D:7      | Acquired Vehumet's second power
  6616 | D:7      | the staircase to the Orcish Mines was a mimic.
  6800 | D:7      | Learned a level 4 spell: Petrify
  7281 | D:7      | Found a glowing silver altar of Zin.
  7282 | D:7      | Found a burning altar of Makhleb.
  7285 | D:7      | Noticed a balrug
  7402 | D:7      | Noticed an angel
  7901 | D:8      | Reached skill level 10 in Earth Magic
  8081 | D:8      | Offered knowledge of Inner Flame by Vehumet.
  8594 | D:8      | Reached XP level 10. HP: 48/69 MP: 1/26
  8649 | D:8      | Noticed Grum
  8737 | D:8      | Acquired Vehumet's third power
  8743 | D:8      | Noticed Edmund
  8752 | D:8      | Offered knowledge of Bolt of Magma by Vehumet.
  8931 | D:8      | Killed Edmund
  9131 | D:9      | Found a radiant altar of Vehumet.
  9354 | D:9      | Found a shattered altar of Ashenzari.
  9380 | D:9      | Noticed Duvessa
  9393 | D:9      | Killed Duvessa
  9394 | D:9      | Noticed Dowan
  9401 | D:9      | Killed Dowan
  9584 | D:9      | Reached skill level 11 in Earth Magic
  9614 | D:9      | Found a staircase to the Lair.
  9854 | D:9      | Reached skill level 10 in Spellcasting
 10000 | D:10     | Entered Level 10 of the Dungeon
 10101 | D:10     | Reached skill level 1 in Fighting
 10603 | D:10     | Offered knowledge of Freezing Cloud by Vehumet.
 11286 | D:11     | Noticed Psyche
 11461 | D:11     | Reached XP level 11. HP: 73/80 MP: 4/28
 11697 | D:11     | Found a staircase to the Orcish Mines.
 12161 | D:12     | Found Feyshaoh's Magical Wand Boutique.
 12165 | D:12     | Found Schokhy's Magical Wand Shoppe.
 12335 | D:12     | Found Seddir's Book Shop.
 12961 | D:12     | Reached skill level 12 in Earth Magic
 13064 | D:13     | Noticed a centaur warrior
 13066 | D:13     | Noticed a five-headed hydra
 13901 | Orc:1    | Entered Level 1 of the Orcish Mines
 13924 | Orc:1    | Offered knowledge of Delayed Fireball by Vehumet.
 14445 | Lair:1   | Entered Level 1 of the Lair of Beasts
 14594 | Lair:1   | Identified a scroll of acquirement
 14875 | Lair:1   | Reached skill level 13 in Earth Magic
 15112 | Lair:1   | Noticed a seven-headed hydra
 15120 | Lair:1   | Killed a seven-headed hydra
 15120 | Lair:1   | Reached skill level 1 in Staves
 15492 | Lair:1   | Reached XP level 12. HP: 88/88 MP: 26/31
 15890 | Lair:2   | Offered knowledge of Iron Shot by Vehumet.
 15898 | Lair:2   | Learned a level 6 spell: Iron Shot
 15949 | Lair:2   | Found a frozen archway.
 16024 | IceCv    | Entered an ice cave
 16034 | IceCv    | Noticed BoredOne's ghost (powerful GrEE)
 16094 | Lair:2   | Noticed a seven-headed hydra
 16100 | Lair:2   | Killed a seven-headed hydra
 16146 | Lair:2   | Identified a +1 rod of frigid destruction (9/9) (You found it on level 2 of the Lair of Beasts)
 16412 | Lair:2   | Reached skill level 5 in Conjurations
 16818 | D:12     | Bought a book of the Earth for 780 gold pieces
 16824 | D:12     | Learned a level 4 spell: Dig
 16952 | D:12     | Found Trys' Distillery.
 17124 | D:12     | Killed Psyche
 17612 | Lair:2   | Gained mutation: You can spit poison. [potion of beneficial mutation]
 17893 | Lair:2   | Identified the Papyrus of Evil Rituals
 17898 | Lair:2   | Learned a level 3 spell: Regeneration
 18151 | Lair:3   | Learned a level 4 spell: Leda's Liquefaction
 18560 | Lair:3   | Reached skill level 1 in Charms
 18560 | Lair:3   | Reached skill level 1 in Necromancy
 19037 | Lair:3   | Offered knowledge of Bolt of Fire by Vehumet.
 19175 | Lair:3   | Noticed Fannar
 19181 | Lair:3   | Killed Fannar
 19547 | Lair:4   | Reached XP level 13. HP: 86/93 MP: 29/32
 19639 | Lair:4   | Found a staircase to the Snake Pit.
 19658 | Lair:4   | Noticed Lilouch's ghost (powerful DEFE)
 19965 | Lair:3   | Reached skill level 14 in Earth Magic
 21033 | Lair:5   | Offered knowledge of Bolt of Cold by Vehumet.
 21790 | Lair:5   | Found a staircase to the Shoals.
 22893 | Lair:6   | Offered knowledge of Ozocubu's Refrigeration by Vehumet.
 22922 | Lair:6   | Found a deep blue altar of Sif Muna.
 23196 | Lair:6   | Got an ichor-stained great sword
 23202 | Lair:6   | Identified the great sword "Mnetyj" {vamp, Str+2} (You found it on level 6 of the Lair of Beasts)
 23233 | Lair:6   | Reached skill level 15 in Earth Magic
 24133 | Lair:7   | Found a staircase to the Slime Pits.
 24133 | Lair:7   | Noticed an azure jelly
 24582 | Lair:7   | Found an iron altar of Okawaru.
 25023 | Lair:7   | Slain by an elephant

Action                   |  1- 3 |  4- 6 |  7- 9 | 10-12 | 13-15 || total
-------------------------+-------+-------+-------+-------+-------++-------
Melee: Unarmed           |     5 |       |       |       |       ||     5
       Short sword       |    61 |    22 |       |       |       ||    83
       War axe           |       |       |    77 |       |       ||    77
       Long sword        |       |       |    54 |       |       ||    54
       Battleaxe         |       |       |    25 |   145 |       ||   170
       Staff             |       |       |       |   257 |   297 ||   554
       Rod               |       |       |       |     5 |       ||     5
 Cast: Sandblast         |    57 |    65 |    95 |    68 |    13 ||   298
       Stone Arrow       |       |     1 |   138 |   388 |   243 ||   770
       Stoneskin         |       |     1 |     8 |    22 |     4 ||    35
       Lee's Rapid Decon |       |       |    11 |    71 |    44 ||   126
       Petrify           |       |       |       |     5 |     4 ||     9
       Iron Shot         |       |       |       |     9 |    15 ||    24
       Dig               |       |       |       |     6 |     7 ||    13
       Passwall          |       |       |       |     2 |     6 ||     8
       Leda's Liquefacti |       |       |       |     1 |       ||     1
 Abil: Breathe Frost     |       |       |    24 |     9 |    10 ||    43
Evoke: Wand              |       |       |       |    16 |       ||    16
       Deck              |       |       |       |     2 |       ||     2
       Rod               |       |       |       |     2 |     2 ||     4
  Use: Scroll            |     2 |     7 |    11 |    22 |     4 ||    46
       Potion            |       |     3 |     2 |     8 |     5 ||    18
 Stab: Sleeping          |       |       |       |     3 |     1 ||     4
